 Dungeon Crawl Stone Soup version 0.30-a0-377-g5cb311bc9f (webtiles) character file.

Game seed: 110754335675102207

5509 bande the Cleaver (level 10, 0/61 HPs)
             Began as a Gargoyle Fighter on Nov 28, 2022.
             Was a High Priest of Okawaru.
             Slain by a wyvern (11 damage)
             ... on level 8 of the Dungeon.
             The game lasted 00:12:02 (8435 turns).

bande the Cleaver (Gargoyle Fighter)                Turns: 8435, Time: 00:12:03

Health: 0/61       AC: 34    Str: 20    XL:     10   Next: 70%
Magic:  14/14      EV:  6    Int: 12    God:    Okawaru [*****.]
Gold:   472        SH:  5    Dex: 13    Spells: 9/9 levels left

rFire   + . .      SeeInvis .    a - +1 war axe (protect)
rCold   . . .      Faith    .    c - +0 buckler
rNeg    + . .      Spirit   .    e - +5 plate armour of the Lute {Int+3}
rPois   ∞          Reflect  .    (no helmet)
rElec   +          Harm     .    q - +1 cloak
rCorr   .          Rampage  .    (no gloves)
Will    .....                    (no boots)
Stlth   ..........               (no amulet)
HPRegen 0.30/turn                h - ring of protection from fire
MPRegen 0.14/turn                (no ring)

@: under a protective aura
A: sickness immunity, AC +7, negative energy resistance 1, electricity
resistance, torment resistance 1, petrification resistance
a: Renounce Religion, Heroism, Finesse, Duel


You were on level 8 of the Dungeon.
You worshipped Okawaru.
Okawaru was extremely pleased with you.
You visited 1 branch of the dungeon, and saw 8 of its levels.

You collected 472 gold pieces.

Inventory:

Hand Weapons
 a - a +1 war axe of protection (weapon)
 u - a +1 morningstar of flaming
 A - a +1 scimitar of flaming
Missiles
 z - a throwing net (quivered)
Armour
 c - a +0 buckler (worn)
 e - the +5 plate armour of the Lute (worn) {Int+3}
   (You acquired it on level 3 of the Dungeon)

   Int:       It affects your intelligence (+3).
 q - a +1 cloak (worn)
Jewellery
 h - a ring of protection from fire (left hand)
 p - a +6 ring of intelligence
 s - a ring of wizardry
Wands
 b - a wand of charming (12)
 l - a wand of roots (19)
 n - a wand of flame (14)
Scrolls
 r - 2 scrolls of teleportation
 y - a scroll of poison
Potions
 d - a potion of might
 g - 3 potions of lignification
 i - a potion of flight
 j - a potion of magic
 k - a potion of haste
 m - 2 potions of ambrosia
 o - a potion of mutation
 t - a potion of brilliance
 v - a potion of heal wounds
 w - a potion of invisibility
 B - a potion of attraction {unknown}


   Skills:
 + Level 6.8 Fighting
 + Level 9.1 Axes
 + Level 6.7 Armour
 + Level 1.0 Stealth
 + Level 6.3 Shields
 * Level 6.2 Invocations
 * Level 5.0 Evocations


You had 9 spell levels left.
You didn't know any spells.
Your spell library contained the following spells:

 Spells                   Type           Power      Damage    Failure   Level
 Kiss of Death            Conj/Necr      0%         2d5       100%        1
 Blink                    Tloc           0%         N/A       100%        2
 Momentum Strike          Conj/Tloc      0%         3d8       100%        2
 Wereblood                Tmut           0%         N/A       100%        2
 Confusing Touch          Hex            0%         N/A       100%        3
 Gell's Gravitas          Tloc           0%         N/A       100%        3
 Ignite Poison            Fire/Tmut/Pois 0%         N/A       100%        3
 Kindle Blastsparks       Fire/Tloc/Air  0%         2d10      100%        3
 Lesser Beckoning         Tloc           0%         N/A       100%        3
 Teleport Other           Tloc           0%         N/A       100%        3
 Dispel Undead            Necr           0%         3d6       100%        4
 Freezing Cloud           Conj/Ice/Air   0%         6-21      100%        5
 Dispersal                Tloc           0%         N/A       100%        6
 Summon Small Mammal      Summ           Unusable   N/A       N/A         1
 Sublimation of Blood     Necr           Unusable   N/A       N/A         2
 Call Canine Familiar     Summ           Unusable   N/A       N/A         3
 Summon Guardian Golem    Hex/Summ       Unusable   N/A       N/A         3
 Summon Hydra             Summ           Unusable   N/A       N/A         7

Dungeon Overview and Level Annotations

Branches:
Dungeon (8/15)             Temple (0/1) D:7            Lair (0/5) D:8

Altars:
Cheibriados
Elyvilon
Hepliaklqana
Okawaru
Uskayaw
Wu Jian
Yredelemnul
The Shining One

Shops:
D:6 *

Annotations:
D:4 1 runed translucent door


Innate Abilities, Weirdness & Mutations

You are immune to sickness and miasma.
Your stone body is resilient. (AC +7)
You are immune to poison.
You resist negative energy. (rN+)
You are resistant to electric shocks. (rElec)
You are resistant to unholy torment.
You are immune to petrification.


Message History

The wyvern is moderately wounded.
You slash the howler monkey! You hit the orc warrior.
You block the howler monkey's attack.
The wyvern bites you but does no damage.
The howler monkey hits you but does no damage.
The orc warrior hits you but does no damage.
You hit the wyvern.
The wyvern is moderately wounded.
You barely miss the howler monkey. You slash the orc warrior!
The wyvern bites you but does no damage.
The howler monkey hits you but does no damage.
The wyvern bites you but does no damage.
The orc warrior hits you but does no damage.
You barely miss the wyvern.
The wyvern is moderately wounded.
You closely miss the howler monkey. You closely miss the orc warrior.
The wyvern barely misses you. The howler monkey hits you.
The orc warrior hits you with a +0 glaive.
Unknown command.
You hit the wyvern.
The wyvern is heavily wounded.
You hit the orc warrior. You hit the howler monkey.
The wyvern bites you but does no damage.
You block the howler monkey's attack.
The wyvern bites you but does no damage.
The orc warrior barely misses you.
You hit the wyvern.
The wyvern is heavily wounded.
You closely miss the howler monkey. You closely miss the orc warrior.
The wyvern bites you!
* * * LOW HITPOINT WARNING * * *
The howler monkey barely misses you. The orc warrior barely misses you.
The howler monkey hits you.
* * * LOW HITPOINT WARNING * * *
The wyvern barely misses you.
You slash the wyvern!
The wyvern is almost dead.
You closely miss the howler monkey. You closely miss the orc warrior.
The wyvern bites you!
You die...

.....##.###..#.......≈.≈.≈
##...#### ##.###..##..≈.≈.
##.....# ....##.# ......
.#.....# .........# #####
.#..#### ##############
....# .....# #(.)## ....#
#..T##....(## ....#
#..h#......?# ..###
#.Yl@.......# ..#
#.{o#......?# .#..# ###
#..5##....?## .#..# #...
#...# #?.$## ##..# ..o.z
#...# ######## ##..#
.o....#...####......#
....#
...5..'...##......#.# ..
.# ...l..#...##.....##.#
###.#
.Yh..##...#......##.#


You could see a troll, an orc warrior, a wyvern, a sky beast, a howler monkey
and a shadow imp.

Vanquished Creatures
  Erica (D:8)
  Pikel (D:6)
  Maggie (D:6)
  A slime creature (D:8)
  Eustachio (D:4)
  Grum (D:8)
  3 wargs (D:7)
  An acid dragon (D:7)
  An orc warrior (D:8)
  2 ice beasts
  2 ogres (D:5)
  3 wolves (D:8)
  A centaur (D:5)
  The ghost of Groverdextrious the Trooper, an amateur OpBe of Trog (D:3)
  A lemure (D:6)
  4 kobold brigands
  2 gnoll sergeants (D:8)
  5 bullfrogs
  A necrophage (D:7)
  A scorpion (D:6)
  5 wights
  5 killer bees (D:8)
  3 howler monkeys
  3 jellies
  3 hounds
  Crazy Yiuf (D:3)
  3 orc priests
  9 iguanas
  8 orc wizards
  15 gnolls
  4 adders
  A shadow imp (D:5)
  A white imp (D:6)
  An ufetubus (D:5)
  A dart slug (D:3)
  A worm (D:1)
  23 orcs
  5 ball pythons
  5 endoplasms
  2 giant cockroaches (D:2)
  2 goblins
  2 hobgoblins
  A jackal (D:3)
  5 quokkas
  3 bats
  5 frilled lizards
  A jackal skeleton (D:4)
  13 kobolds
  2 rats
167 creatures vanquished.

Vanquished Creatures (others)
  3 plants (D:1)
3 creatures vanquished.

Grand Total: 170 creatures vanquished

Notes
Turn   | Place    | Note
-------+----------+-------------------------------------------
     0 | D:1      | bande the Gargoyle Fighter began the quest for the Orb.
     0 | D:1      | Reached XP level 1. HP: 14/14 MP: 1/1
   273 | D:1      | Reached XP level 2. HP: 18/19 MP: 2/2
   619 | D:2      | Reached skill level 2 in Axes
   668 | D:2      | Reached XP level 3. HP: 23/23 MP: 3/3
   954 | D:2      | Found a basalt altar of Yredelemnul.
   991 | D:2      | Found a faded altar of an unknown god.
  1621 | D:3      | Found a runed translucent door.
  1622 | D:3      | Noticed Crazy Yiuf
  1872 | D:3      | Found a glowing golden altar of the Shining One.
  1925 | D:3      | Noticed Groverdextrious's ghost (amateur OpBe)
  1928 | D:3      | Found a transporter.
  1936 | D:3      | Found a transporter.
  2171 | D:3      | Killed Crazy Yiuf
  2172 | D:3      | Reached XP level 4. HP: 2/29 MP: 4/4
  2389 | D:3      | Identified a scroll of acquirement
  2389 | D:3      | Acquired the +5 plate armour of the Lute {Int+3}
  2515 | D:3      | Killed Groverdextrious's ghost
  2516 | D:3      | Reached skill level 3 in Axes
  2516 | D:3      | Reached XP level 5. HP: 12/33 MP: 5/5
  2950 | D:4      | Noticed Eustachio
  2957 | D:4      | Noticed a kobold brigand
  2966 | D:4      | Killed a kobold brigand
  2967 | D:4      | Reached XP level 6. HP: 19/38 MP: 6/6
  2976 | D:4      | Killed Eustachio
  2977 | D:4      | Reached skill level 4 in Axes
  2977 | D:4      | Reached skill level 5 in Armour
  3257 | D:4      | Found a faded altar of an unknown god.
  3258 | D:4      | Found a hazy altar of Hepliaklqana.
  3320 | D:4      | Found an iron altar of Okawaru.
  3323 | D:4      | Became a worshipper of Warmaster Okawaru
  3491 | D:4      | Found a runed translucent door.
  3491 | D:4      | Noticed a human
  3493 | D:4      | Found a basalt altar of Yredelemnul.
  3645 | D:5      | Entered Level 5 of the Dungeon
  3655 | D:4      | Reached XP level 7. HP: 42/44 MP: 7/7
  3668 | D:5      | Found a white marble altar of Elyvilon.
  3668 | D:5      | Found a hide-covered altar of Uskayaw.
  3730 | D:5      | Reached skill level 1 in Invocations
  3730 | D:5      | Reached skill level 1 in Evocations
  3910 | D:5      | Reached skill level 5 in Axes
  3916 | D:5      | Reached * piety under Okawaru
  4162 | D:5      | Reached XP level 8. HP: 22/48 MP: 9/9
  4173 | D:5      | HP: 2/48 [ogre/+0 giant spiked club (12)]
  4423 | D:5      | Reached skill level 5 in Fighting
  4894 | D:6      | Found Ujocoguo's Assorted Antiques.
  4956 | D:6      | Reached skill level 5 in Shields
  4966 | D:6      | Noticed Pikel
  4982 | D:6      | Killed Pikel
  4982 | D:6      | Reached ** piety under Okawaru
  4983 | D:6      | Reached skill level 6 in Axes
  5067 | D:6      | Noticed Maggie
  5095 | D:6      | Killed Maggie
  5095 | D:6      | Reached *** piety under Okawaru
  5096 | D:6      | Reached XP level 9. HP: 12/55 MP: 11/11
  6194 | D:7      | Reached skill level 7 in Axes
  6250 | D:7      | Found a snail-covered altar of Cheibriados.
  6364 | D:7      | Found a staircase to the Ecumenical Temple.
  6405 | D:7      | Identified the +1 robe of the Gate {rElec rC+ Str-3}
  6442 | D:7      | Received a gift from Okawaru
  6888 | D:8      | Found a staircase to the Lair.
  7053 | D:7      | Reached **** piety under Okawaru
  7054 | D:7      | Reached skill level 5 in Invocations
  7312 | D:7      | Reached skill level 8 in Axes
  7318 | D:7      | Reached XP level 10. HP: 27/60 MP: 13/13
  7574 | D:8      | Noticed Grum
  7583 | D:8      | Killed Grum
  7681 | D:8      | Found an ornate altar of the Wu Jian Council.
  8133 | D:8      | Noticed Erica
  8156 | D:8      | Killed Erica
  8156 | D:8      | Reached ***** piety under Okawaru
  8157 | D:8      | Reached skill level 1 in Stealth
  8284 | D:8      | Reached skill level 9 in Axes
  8425 | D:8      | Reached skill level 5 in Evocations
  8435 | D:8      | Slain by a wyvern

Illustrated notes

Levels and vault maps discovered:
D:1:      minmay_arrival_four_circles, layout_rooms, serial_forest,
          infiniplex_forest_end_3, infiniplex_forest_zigzag_2,
          infiniplex_forest_end_2, infiniplex_forest_lined_room_,
          infiniplex_forest_lined_3, infiniplex_forest_lined_corner,
          infiniplex_forest_lined_3, infiniplex_forest_lined_room_,
          nicolae_wormholes
D:2:      layout_basic, hellmonk_ecumenical_altar_pennies_from_heaven,
          basic_altar
D:3:      layout_basic, nicolae_tso_swordbearing_angel, gammafunk_ghost_arena,
          serial_bayou_pond_d, uniq_crazy_yiuf_cottage
D:4:      layout_rooms, dk_yredelemnul_ordeal, okawaru_trees_2,
          beargit_hepliaklqana_dungeon_heroes, uniq_eustachio
D:5:      layout_layer_cave, jmf_multi_god_temple
D:6:      layout_basic, serial_shops, shop, serial_glass, glass_columns_c,
          glass_columns_c, glass_columns_b, glass_columns_c, uniq_maggie,
          uniq_pikel
D:7:      layout_basic, mainiacjoe_overflow_catwalk,
          minmay_temple_entry_gardened_gates, grunt_ministairs_9
D:8:      minmay_opposing_rooms, layout_cave_pools, nzn_wu_jian_contemplation,
          nicolae_ru_path_of_blood, erik_lair_orcish_takeover, uniq_grum,
          uniq_erica

Skill      XL: |  1  2  3  4  5  6  7  8  9 10 |
---------------+-------------------------------+-----
Axes           | 2 3 4 5 6 8 9 |  9.1
Armour         | 4 5 6 |  6.7
Fighting       | 4 5 6 |  6.8
Shields        | 4 5 6 |  6.3
Invocations    | 2 3 5 6 |  6.2
Evocations     | 1 3 4 5 |  5.0
Stealth        | 1 |  1.0

Action                   |  1- 3 |  4- 6 |  7- 9 | 10-12 || total
-------------------------+-------+-------+-------+-------++-------
Melee: War axe           |   107 |    45 |   352 |   150 ||   654
  Use: Scroll            |       |     9 |     7 |     3 ||    19
Armor: Scale mail        |    44 |       |       |       ||    44
       Plate armour      |       |    63 |   335 |   214 ||   612
Dodge: Dodged            |    47 |    14 |    85 |    73 ||   219
Block: Buckler           |    30 |    21 |   103 |    70 ||   224

Table legend: (Time is in decaauts)
 A = Elapsed time spent in this place.
 B = Non-inter-level travel time spent in this place.
 C = Inter-level travel time spent in this place.
 D = Time resting spent in this place.
 E = Time spent auto-exploring this place.
 F = Levels seen in this place.
 G = Mean time per level.
                   A        B        C        D        E       F      G
               +--------+--------+--------+--------+--------+-----+--------+
         Total |   8605 |   8464 |    141 |   2109 |   4706 |   8 | 1075.6 |
       Dungeon |   8605 |   8464 |    141 |   2109 |   4706 |   8 | 1075.6 |
               +--------+--------+--------+--------+--------+-----+--------+

Top non-repeatable levels by time:
     D:7: 1598 daAuts
     D:3: 1508 daAuts
     D:6: 1347 daAuts
     D:5: 1036 daAuts
     D:4: 988 daAuts
     D:2: 766 daAuts
     D:8: 737 daAuts
     D:1: 622 daAuts
